 Dungeon Crawl Stone Soup version 0.19.5-1-g796a6487f8 (webtiles) character file.

1505739 Ge0ff the Infernalist (level 27, 171/171 HPs)
             Began as a High Elf Fire Elementalist on Oct 29, 2021.
             Was the Champion of Vehumet.
             Escaped with the Orb
             ... and 3 runes on Oct 30, 2021!
             The game lasted 05:36:29 (115802 turns).

Ge0ff the Infernalist (HEFE)                      Turns: 115802, Time: 05:36:30

Health: 171/171    AC: 27    Str: 18    XL:     27
Magic:  46/46      EV: 19    Int: 43    God:    Vehumet [******]
Gold:   3775       SH:  9    Dex: 16    Spells: 16 memorised, 0 levels left

rFire  + + .     SeeInvis .     a - staff of energy
rCold  + . .     Gourm    .     V - +6 scale mail "Aseggathuo" {rPois rF+ Int+2}
rNeg   + . .     Faith    .     N - +4 buckler of Hairiness {rPois rF+ Dex-4}
rPois  +         Spirit   .     J - +0 hat of Chill Winds {Int+3}
rElec  .         Reflect  .     I - +4 cloak "Tyuw" {rCorr}
rCorr  +         Harm     .     Q - +0 pair of gloves of Gozag's Approval {Str+7 Slay+3}
MR     +++..     Rnd*Tele +     k - +2 pair of boots of the Assassin {DetectMon Stab+ Stlth++}
Stlth  +.........               p - amulet of regeneration
                                h - ring "Rufearpho" {rPois rN+ MR+ Str+4, =R}
                                u - ring of Sif Muna's Castigation {rC+ Int+7}

@: very slightly contaminated, delayed fireball, deflect missiles
A: beak, horns 1, thin metallic scales 1, teleportitis 1
a: Renounce Religion, Release Delayed Fireball
0: Orb of Zot
}: 3/15 runes: barnacled, silver, gossamer


You escaped.
You worshipped Vehumet.
Vehumet was exalted by your worship.
You were very full.

You visited 10 branches of the dungeon, and saw 52 of its levels.
You visited the Abyss 1 time.
You also visited: Ice Cave and Wizlab.

You collected 10074 gold pieces.
You spent 6299 gold pieces at shops.

Inventory:

Hand Weapons
 b - the +4 scimitar of Fimbulwinter {elec, rElec Int+4}
   (You took it off a yaktaur captain on level 5 of the Vaults)

   Occasionally, upon striking a foe, it will discharge some electrical energy
   and cause terrible harm.
   It affects your intelligence (+4).
   It insulates you from electricity.
 w - a +9 blowgun
Missiles
 x - 2128 arrows
 R - 14 throwing nets (quivered)
 S - 17 curare-tipped needles
Armour
 k - the +2 pair of boots of the Assassin (worn) {DetectMon Stab+ Stlth++}
   (You found it in an ice cave)

   It makes you much more stealthy.
 I - the +4 cloak "Tyuw" (worn) {rCorr}
   (You bought it in a shop on level 3 of the Shoals)

   It protects you from acid and corrosion.
 J - the +0 hat of Chill Winds (worn) {Int+3}
   (You acquired it on level 15 of the Dungeon)

   It affects your intelligence (+3).
 N - the +4 buckler of Hairiness (worn) {rPois rF+ Dex-4}
   (You found it on level 2 of the Orcish Mines)

   It affects your dexterity (-4).
   It protects you from fire.
   It protects you from poison.
 Q - the +0 pair of gloves of Gozag's Approval (worn) {Str+7 Slay+3}
   (You found it on level 3 of the Elven Halls)

   It affects your strength (+7).
   It affects your accuracy and damage with ranged weapons and melee attacks
   (+3).
 V - the +6 scale mail "Aseggathuo" (worn) {rPois rF+ Int+2}
   (You bought it in a shop on level 3 of the Shoals)

   It affects your intelligence (+2).
   It protects you from fire.
   It protects you from poison.
Magical Staves
 a - an uncursed staff of energy (weapon)
Jewellery
 h - the ring "Rufearpho" (right hand) {rPois rN+ MR+ Str+4, =R}
   (You bought it in a shop on level 5 of the Depths)

   [ring of strength]

   It affects your strength (+4).
   It protects you from poison.
   It protects you from negative energy.
   It affects your resistance to hostile enchantments.
 p - an amulet of regeneration (around neck)
 u - the ring of Sif Muna's Castigation (left hand) {rC+ Int+7}
   (You took it off a hell knight on level 3 of the Depths)

   [ring of protection from cold]

   It affects your intelligence (+7).
   It protects you from cold.
 K - an uncursed ring of see invisible
Wands
 d - a wand of digging (2/24)
 e - a wand of disintegration (8/24)
 i - a wand of lightning (9/15)
 s - a wand of paralysis (6/24)
 t - a wand of teleportation (2/9)
 A - a wand of paralysis (19/24)
 L - a wand of acid (6/15)
 M - a wand of enslavement (11/24)
Scrolls
 g - a scroll of summoning
 n - 6 scrolls of recharging
 o - 9 scrolls of immolation
 r - 11 scrolls of fear
 B - 5 scrolls of blinking
 D - a scroll of holy word
 F - a scroll of fog
 T - 19 scrolls of teleportation
 Y - 2 scrolls of vulnerability
Potions
 j - 3 potions of ambrosia
 m - 4 potions of cancellation
 q - 18 potions of curing
 y - 5 potions of agility
 z - 11 potions of brilliance
 E - 3 potions of resistance
 H - 5 potions of haste
 P - a potion of cure mutation {!q}
 W - 4 potions of heal wounds
Miscellaneous
 c - a sack of spiders
 v - a lamp of fire
 C - a phial of floods
 O - a phantom mirror
 U - a fan of gales
 X - a box of beasts
Comestibles
 f - 12 meat rations
 l - 14 royal jellies
 G - 10 beef jerkies
 Z - 69 fruits


   Skills:
 - Level 10.0 Fighting
 - Level 10.1 Throwing
 - Level 12.0 Armour
 - Level 14.0 Dodging
 - Level 2.1 Stealth
 - Level 4.0 Shields
 - Level 18.5 Spellcasting
 O Level 27 Conjurations
 - Level 10.0 Charms
 - Level 3.0 Necromancy
 - Level 4.0 Translocations
 - Level 12.0 Transmutations
 O Level 27 Fire Magic
 - Level 10.0 Air Magic
 + Level 15.3 Earth Magic
 - Level 14.0 Evocations


You couldn't memorise any spells.
You knew the following spells:

 Your Spells              Type           Power        Failure   Level  Hunger
c - Blink                 Tloc           N/A          1%          2    None
d - Deflect Missiles      Chrm/Air       #######...   4%          6    None
e - Irradiate             Conj/Tmut      ########..   0%          5    None
g - Apportation           Tloc           ######....   1%          1    None
h - Lee's Rapid Deconstr  Erth           ########..   1%          5    None
j - Lehudib's Crystal Sp  Conj/Erth      ########..   1%          8    None
k - Bolt of Magma         Conj/Fire/Erth ########..   0%          5    None
m - Fireball              Conj/Fire      ########..   0%          5    None
o - Summon Butterflies    Summ           #####...     1%          1    None
q - Swiftness             Chrm/Air       #######.     1%          2    None
r - Regeneration          Chrm/Necr      #######...   1%          3    None
s - Fire Storm            Conj/Fire      ########..   1%          9    None
w - Passwall              Tmut/Erth      ########..   0%          2    None
y - Yara's Violent Unrav  Hex/Tmut       ######....   1%          5    None
D - Delayed Fireball      Conj/Fire      N/A          1%          7    None
S - Sticks to Snakes      Tmut           #######.     0%          2    None


Dungeon Overview and Level Annotations

Branches:
Dungeon (15/15)            Temple (0/1) D:5            Lair (6/6) D:10
 Shoals (4/4) Lair:4       Spider (4/4) Lair:4        Slime (0/5) Lair:6
    Orc (2/2) D:10            Elf (3/3) Orc:2        Vaults (5/5) D:13
  Crypt (3/3) Vaults:2       Tomb (0/3) Crypt:3      Depths (5/5) D:15
    Zot (5/5) Depths:5

Altars:
Cheibriados
Dithmenos
Fedhas
Kikubaaqudgha
Nemelex Xobeh
Ru
Trog
Uskayaw
Vehumet
Yredelemnul
Zin
Beogh

Shops:
D:13 [   D:15 }   Orc:2 *?*?   Shoals:3 [=   Vaults:2 %?(   Vaults:3 }
Vaults:4 ==!   Depths:3 =   Depths:5 }=}

Portals:
Hell: Depths:1 Depths:2 Depths:3 Depths:4 Depths:5
Abyss: Depths:3 Depths:4
Pandemonium: Depths:3
Ziggurat: Depths:2


Innate Abilities, Weirdness & Mutations

You have a beak for a mouth.
You have a pair of small horns on your head.
You are partially covered in thin metallic scales. (AC +2)
You are occasionally teleported next to monsters.


Message History

A raging storm of fire appears!
The great blast of fire engulfs the Orb Guardian.
You kill the Orb Guardian!
Vehumet accepts your kill.
You feel your power returning.
You see here a robe.
Vehumet accepts your kill.
You feel a bit more experienced.
An Orb Guardian comes into view.
There is a stone staircase leading up here.
You climb upwards.
There is a stone staircase leading down here.
You channel some magical energy.
You feel slightly less full.
Nothing appears to happen.
There is an open door here.
There is an open door here.
You start resting.
Magic restored.
There is a staircase leading out of the dungeon here.
You have escaped!

.#
#............##.....
.#
#.#########..##.....
.# ##.#### #..#......
.# #.....# #..#.#####
.# #.....######..#.#
.#
#.....#....#..#.#####
##
#.....'....#..#.....#
#.....######..#####.#
#...@.# #.........
#.....# #.#....#.#
#.....# #.........
###'### ######....#.#
##.####..# ######..
#.#.#.#..# ###
#.##.#'..# #
#'#####..# ########
#....##..# #.......


There were no monsters in sight!

Vanquished Creatures
  11 orbs of fire
  Mara (Vaults:3)
  3 ancient liches
  Margery (Depths:3)
  2 pandemonium lords
  Saint Roka (Depths:3)
  8 curse toes
  A caustic shrike (Depths:2)
  3 Killer Klowns
  13 golden dragons
  A bone dragon (Depths:5)
  A Tzitzimitl (Zot:3)
  Arachne (Spider:2)
  2 hellephants
  3 electric golems (Zot:5)
  8 liches
  19 tentacled monstrosities
  Jorgrun (Vaults:3)
  A shard shrike skeleton (Crypt:2)
  An Ice Fiend (IceCv)
  26 Orb Guardians
  Asterion (Spider:4)
  The ghost of Zorot the Transmogrifier, an adept NaFi of Makhleb (Shoals:4)
  8 quicksilver dragons
  3 deep elf blademasters
  A kraken (Shoals:4)
  4 titans
  2 deep elf master archers (Elf:3)
  2 tentacled starspawn (Abyss:3)
  10 death cobs
  An ancient champion (Crypt:3)
  12 sphinxes
  12 shadow dragons
  Kirke (D:15)
  12 storm dragons
  A draconian monk (Zot:1)
  Donald (Shoals:1)
  10 fire giants
  11 tengu reavers
  Ilsuiw (Shoals:4)
  22 frost giants
  A revenant (Vaults:2)
  17 vault wardens
  An iron dragon (Depths:4)
  15 deep elf sorcerers
  9 ghost moths
  An emperor scorpion (Spider:4)
  3 orc warlords (Orc:2)
  7 draconian zealots
  An angel (Abyss:3)
  Aizul (Elf:2)
  2 draconian knights
  A deep elf elementalist (Elf:3)
  Louise (D:15)
  7 draconian scorchers
  A curse skull (Crypt:3)
  5 war gargoyles
  6 draconian shifters
  21 ironheart preservers
  15 ghouls
  A cacodemon (D:15)
  3 draconian annihilators
  4 spriggan defenders
  30 stone giants
  2 draconian callers (Zot:3)
  10 very ugly things
  An entropy weaver (shapeshifter) (Vaults:1)
  14 green draconians
  7 entropy weavers
  6 vampire knights
  15 deep elf demonologists
  2 dire elephants (Zot:3)
  12 red draconians
  9 black draconians
  8 deep elf annihilators
  An orange crystal statue (WizLab)
  7 white draconians
  15 spark wasps
  Snorg (Orc:1)
  13 yellow draconians
  15 mottled draconians
  16 purple draconians
  11 ettins
  A crystal guardian (Vaults:3)
  6 eidola
  4 merfolk javelineers (Shoals:4)
  7 deep elf death magi
  12 fire dragons
  15 jiangshi
  2 quicksilver dragon zombies (Crypt:3)
  13 merfolk impalers
  5 deep elf high priests
  24 yaktaur captains
  9 great orbs of eyes
  7 rakshasas
  21 ogre magi
  10 hydras
  15 ice dragons
  A hell beast (D:5)
  3 spriggan air magi
  3 catoblepae
  36 vault guards
  Erica (Lair:2)
  10 centaur warriors
  3 death knights
  23 dancing weapons
  A satyr (Shoals:4)
  5 merfolk avatars
  An alligator (Shoals:1)
  9 deep troll shamans
  3 alligator snapping turtles
  7 tengu warriors
  10 vampire magi
  4 death yaks (Lair:4)
  13 deep troll earth magi
  4 orc high priests (Orc:2)
  6 merfolk aquamancers
  A naga sharpshooter (Depths:3)
  3 soul eaters
  11 spriggan berserkers
  Urug (D:15)
  A shock serpent (shapeshifter) (Elf:1)
  8 shadow wraiths
  A sun demon (D:5)
  25 hell knights
  25 deep elf knights
  A titan skeleton (Crypt:1)
  4 sixfirhies
  29 skeletal warriors
  5 unseen horrors
  A golden dragon zombie (Crypt:3)
  34 deep trolls
  5 hill giants
  2 swamp dragons (shapeshifter)
  A ghost moth zombie (Crypt:2)
  24 ironbrand convokers
  8 sea snakes
  4 iron trolls
  5 glowing orange brains
  6 flayed ghosts
  A golden dragon skeleton (Crypt:2)
  14 starcursed masses (Abyss:3)
  13 harpies
  6 wizards
  26 phantasmal warriors
  14 deep elf archers
  An obsidian statue (Zot:5)
  17 orc knights
  67 deep elf magi
  29 orb spiders
  20 ugly things
  2 wolf spiders (shapeshifter)
  An iron giant skeleton (Crypt:2)
  6 necromancers
  An iron dragon zombie (Crypt:2)
  A lindwurm (Lair:3)
  7 orc sorcerers
  A wolf spider zombie (D:15)
  A shadow dragon skeleton (Crypt:1)
  7 fauns (Shoals:1)
  46 wolf spiders
  11 manticores
  2 salamanders (shapeshifter)
  12 cyclopes
  3 fire giant zombies
  26 moths of wrath
  A shining eye (Abyss:3)
  A black mamba (shapeshifter) (Vaults:2)
  12 sirens
  5 elephants
  An ice statue (IceCv)
  A water nymph (shapeshifter) (Vaults:4)
  A guardian serpent (shapeshifter) (Elf:3)
  A guardian serpent (D:11)
  7 black mambas
  5 torpor snails
  21 vault sentinels
  2 rust devils (D:5)
  8 smoke demons
  11 spiny frogs
  5 orange demons
  6 gargoyles
  4 centaur skeletons
  A yaktaur zombie (Vaults:2)
  A catoblepas zombie (Crypt:3)
  4 water nymphs
  9 komodo dragons
  A hellion (Zot:5)
  A rime drake (shapeshifter) (Vaults:5)
  A yaktaur (shapeshifter) (Vaults:3)
  17 demonic crawlers
  A red draconian zombie (Crypt:2)
  An ancient zyme (Abyss:3)
  A kobold demonologist (D:12)
  A redback zombie (Crypt:2)
  7 rime drakes
  A komodo dragon (shapeshifter) (Vaults:5)
  10 freezing wraiths
  3 anaconda simulacra (IceCv)
  4 ice devils (IceCv)
  A golden dragon simulacrum (IceCv)
  75 yaktaurs
  A queen bee (shapeshifter) (Depths:4)
  16 trolls
  A catoblepas skeleton (Crypt:3)
  4 tengu conjurers
  A hellwing (Depths:5)
  5 red devils
  3 efreet
  A queen bee (Lair:2)
  34 jumping spiders
  2 hydra zombies
  2 meliai (shapeshifter)
  3 meliai (D:13)
  3 jumping spiders (shapeshifter)
  5 polar bears
  A wolf spider simulacrum (D:14)
  A minotaur skeleton (Crypt:1)
  3 fire dragon zombies
  3 bog bodies
  19 hornets
  28 merfolk
  29 blink frogs
  Prince Ribbit (D:7)
  34 two-headed ogres
  6 wind drakes
  38 slime creatures
  3 raiju (Abyss:3)
  7 snapping turtles
  A fire giant simulacrum (Crypt:2)
  6 dream sheep
  An alligator skeleton (Crypt:2)
  20 hippogriffs
  A redback (shapeshifter) (Vaults:5)
  5 air elementals
  85 redbacks
  8 vampires
  A fire dragon skeleton (Crypt:1)
  19 spriggans
  A spriggan (shapeshifter) (D:14)
  5 shadows
  A tarantella (shapeshifter) (Vaults:1)
  35 tarantellas
  15 wraiths
  3 hogs (D:15)
  10 wyverns
  3 fire elementals
  44 yaks
  A ynoxinul (Abyss:3)
  10 basilisks
  A yak (shapeshifter) (Vaults:4)
  9 hungry ghosts
  A hog (shapeshifter) (Depths:4)
  A steam dragon (Lair:2)
  A basilisk (shapeshifter) (Vaults:5)
  18 water elementals
  7 humans (Zot:3)
  A chaos spawn (Depths:2)
  6 vampire mosquitoes
  8 mottled dragons
  A hill giant skeleton (Crypt:1)
  6 harpy simulacra (IceCv)
  A torturous demonspawn zombie (Crypt:1)
  A large abomination (Abyss:3)
  A merfolk zombie (Crypt:1)
  11 wargs
  A soldier ant (shapeshifter) (Vaults:4)
  A soldier ant (D:10)
  A naga (Depths:3)
  4 floating eyes
  3 hell hounds
  A floating eye (shapeshifter) (Depths:5)
  17 water moccasins
  14 porcupines
  68 orc warriors
  A gelid demonspawn skeleton (Crypt:1)
  5 hydra simulacra (IceCv)
  2 alligator simulacra (IceCv)
  2 eyes of draining (D:15)
  A swamp drake (shapeshifter) (Depths:2)
  2 eyes of draining (shapeshifter)
  2 human zombies (Vaults:2)
  5 phantoms
  A black bear (shapeshifter) (Vaults:1)
  7 necrophages
  4 ice beasts
  6 black bears
  9 sky beasts
  A snapping turtle zombie (Crypt:2)
  100 ogres
  18 boggarts
  21 wolves
  40 centaurs
  16 crocodiles
  3 big kobolds
  A big kobold (shapeshifter) (Elf:1)
  A gnoll sergeant (D:10)
  A bullfrog (shapeshifter) (Vaults:5)
  20 bullfrogs
  A yaktaur skeleton (Crypt:1)
  A draconian skeleton (Crypt:2)
  5 earth elementals
  A water moccasin skeleton (Crypt:2)
  2 scorpions
  A scorpion (shapeshifter) (Vaults:2)
  38 killer bees
  A swamp dragon simulacrum (IceCv)
  11 wights
  A human simulacrum (Vaults:3)
  11 howler monkeys
  A raiju skeleton (Crypt:1)
  3 electric eels (Lair:3)
  8 crimson imps
  2 quasits
  4 draconian simulacra (IceCv)
  A yaktaur simulacrum (Vaults:1)
  3 bullfrog skeletons
  4 centaur zombies
  4 hounds
  3 jellies
  2 iguanas (shapeshifter)
  41 orc priests
  29 orc wizards
  2 iron imps
  4 iguanas
  Ijyb (D:4)
  3 troll simulacra (IceCv)
  2 polar bear simulacra (IceCv)
  19 worker ants
  2 small abominations (Abyss:3)
  A spriggan simulacrum (IceCv)
  2 wolf simulacra (IceCv)
  2 centaur simulacra (IceCv)
  A hound zombie (D:5)
  3 worker ant zombies
  A hell rat zombie (Crypt:2)
  Robin (D:2)
  14 gnolls
  A naga simulacrum (IceCv)
  8 adders
  3 ogre simulacra (IceCv)
  A river rat (Lair:2)
  3 shadow imps
  8 white imps
  6 ufetubi (IceCv)
  An ooze (D:4)
  4 adder skeletons
  An adder zombie (D:8)
  7 worms
  3 dart slugs (D:3)
  8 leopard geckos
  196 orcs
  7 giant cockroaches
  6 hobgoblins
  18 jackals
  16 kobolds
  4 quokkas
  2 ball pythons
  8 bats
  6 frilled lizards
  22 goblins
  A jackal skeleton (D:5)
  A leopard gecko zombie (D:6)
  A quokka skeleton (D:5)
  8 rats
  2 bushes
  6 fire vortices
  5 fungi
  26 plants
  A starspawn tentacle (Abyss:3)
  3 tentacles (Shoals:4)
  7 withered plants (Crypt:3)
3226 creatures vanquished.

Vanquished Creatures (collateral kills)
  A Killer Klown (Zot:5)
  2 tentacled monstrosities (Zot:2)
  An Orb Guardian (Zot:5)
  2 liches
  2 sphinxes
  3 vault wardens
  A cacodemon (Depths:3)
  An iron dragon (Vaults:5)
  A very ugly thing (Depths:3)
  2 stone giants
  An entropy weaver (shapeshifter) (Depths:2)
  A spark wasp (Depths:2)
  2 yellow draconians (Zot:3)
  A mottled draconian (Depths:5)
  A fire dragon (Depths:1)
  A jiangshi (Depths:3)
  An ogre mage (Depths:3)
  An iron troll (Depths:5)
  A deep troll (Vaults:4)
  A necromancer (Depths:3)
  An elephant (Zot:3)
  A smoke demon (Crypt:3)
  A freezing wraith (Vaults:5)
  A tengu conjurer (Depths:4)
  A wind drake (shapeshifter) (Depths:1)
  A two-headed ogre (Vaults:5)
  2 water elementals (Depths:3)
  A human (Zot:3)
  A neqoxec (D:2)
  A floating eye (Depths:3)
  A necrophage (Crypt:1)
  An ogre (Vaults:5)
  A fire vortex (Zot:5)
41 creatures vanquished.

Vanquished Creatures (others)
  Nikola (Spider:4)
  A fire giant (Vaults:5)
  A yellow draconian (Zot:5)
  A yaktaur captain (Vaults:1)
  A jumping spider (Spider:4)
  A redback (Spider:4)
  A white imp (IceCv)
  3 ufetubi (IceCv)
  2 orcs
  A kobold (D:9)
  720 fire vortices
  8 fungi
  34 plants
  7 starspawn tentacles (Abyss:3)
  5 tentacles (Shoals:4)
  26 withered plants (Crypt:3)
813 creatures vanquished.

Grand Total: 4080 creatures vanquished

Notes
Turn   | Place    | Note
-------+----------+-------------------------------------------
     0 | D:1      | Ge0ff the High Elf Fire Elementalist began the quest for the Orb.
     0 | D:1      | Reached XP level 1. HP: 11/11 MP: 4/4
   403 | D:1      | Reached XP level 2. HP: 17/17 MP: 4/6
   412 | D:1      | Learned a level 2 spell: Throw Flame
  1267 | D:2      | Reached XP level 3. HP: 21/21 MP: 6/8
  1643 | D:2      | You fall through a shaft for 2 floors!
  1764 | D:3      | Found a sacrificial altar of Ru.
  2339 | D:2      | Found a glowing silver altar of Zin.
  2389 | D:3      | Noticed a centaur
  2403 | D:3      | Killed a centaur
  2403 | D:3      | Reached skill level 5 in Conjurations
  2403 | D:3      | Reached XP level 4. HP: 18/27 MP: 0/9
  2535 | D:3      | Learned a level 3 spell: Conjure Flame
  2557 | D:3      | Reached XP level 5. HP: 31/31 MP: 7/10
  3040 | D:3      | Noticed Robin
  3130 | D:2      | Killed Robin
  3357 | D:3      | Noticed a moth of wrath
  3387 | D:3      | Found a bloodstained altar of Trog.
  3489 | D:3      | Reached skill level 1 in Fighting
  3999 | D:4      | Reached XP level 6. HP: 36/39 MP: 4/11
  4068 | D:4      | Found a radiant altar of Vehumet.
  4074 | D:4      | Became a worshipper of Vehumet
  4133 | D:4      | Found a blossoming altar of Fedhas.
  4456 | D:4      | Found a sparkling altar of Nemelex Xobeh.
  4507 | D:4      | Reached skill level 5 in Fire Magic
  4507 | D:4      | Reached XP level 7. HP: 45/45 MP: 7/12
  5061 | D:4      | Noticed Ijyb
  5104 | D:4      | Reached * piety under Vehumet
  5104 | D:4      | Offered knowledge of Shock by Vehumet.
  5140 | D:4      | Killed Ijyb
  5243 | D:5      | Entered Level 5 of the Dungeon
  5414 | D:5      | Noticed a dagger
  5415 | D:5      | Noticed a dagger
  5418 | D:5      | Found a hide-covered altar of Uskayaw.
  5507 | D:5      | Identified Ribluin's Grimoire of Boosts
  5516 | D:5      | Learned a level 4 spell: Sticky Flame
  5598 | D:5      | Found a staircase to the Ecumenical Temple.
  6781 | D:6      | Reached XP level 8. HP: 49/50 MP: 7/14
  7465 | D:5      | Found a shadowy altar of Dithmenos.
  7850 | D:6      | Reached skill level 5 in Spellcasting
  8224 | D:5      | Noticed a rust devil
  8224 | D:5      | Noticed a rust devil
  8354 | D:6      | Reached ** piety under Vehumet
  8575 | D:7      | Offered knowledge of Sting by Vehumet.
  8679 | D:7      | Reached XP level 9. HP: 44/56 MP: 3/17
  8692 | D:7      | Learned a level 3 spell: Regeneration
  9058 | D:7      | Noticed Prince Ribbit
  9067 | D:7      | Killed Prince Ribbit
  9067 | D:7      | Reached skill level 1 in Charms
  9067 | D:7      | Reached skill level 1 in Necromancy
 10264 | D:8      | Offered knowledge of Ignite Poison by Vehumet.
 10281 | D:8      | Learned a level 5 spell: Fireball
 10660 | D:8      | Reached *** piety under Vehumet
 11102 | D:8      | Offered knowledge of Dazzling Spray by Vehumet.
 11102 | D:8      | Reached XP level 10. HP: 62/62 MP: 9/20
 12060 | D:9      | Found an ancient bone altar of Kikubaaqudgha.
 12460 | D:9      | Reached **** piety under Vehumet
 12916 | D:9      | Offered knowledge of Stone Arrow by Vehumet.
 13745 | D:9      | Paralysed by a hornet for 3 turns
 14018 | D:10     | Entered Level 10 of the Dungeon
 14153 | D:10     | Reached skill level 1 in Armour
 14153 | D:10     | Reached skill level 10 in Conjurations
 14337 | D:10     | Learned a level 2 spell: Sticks to Snakes
 14371 | D:9      | Learned a level 3 spell: Stone Arrow
 14406 | D:10     | Reached skill level 1 in Earth Magic
 15339 | D:10     | Reached XP level 11. HP: 68/68 MP: 15/24
 15493 | D:10     | Reached ***** piety under Vehumet
 15534 | D:10     | Offered knowledge of Freezing Cloud by Vehumet.
 15550 | D:10     | Found a staircase to the Orcish Mines.
 15807 | D:10     | Found a staircase to the Lair.
 16068 | D:10     | Reached skill level 5 in Earth Magic
 18224 | Lair:1   | Entered Level 1 of the Lair of Beasts
 18440 | Lair:1   | Learned a level 2 spell: Repel Missiles
 19396 | Lair:2   | Reached skill level 1 in Transmutations
 19828 | Lair:2   | Noticed a four-headed hydra
 19833 | Lair:2   | Killed a four-headed hydra
 19833 | Lair:2   | Reached XP level 12. HP: 74/74 MP: 20/25
 19844 | Lair:2   | Noticed an eight-headed hydra
 19925 | Lair:2   | Killed an eight-headed hydra
 20076 | Lair:2   | Offered knowledge of Throw Icicle by Vehumet.
 20193 | Lair:2   | Reached skill level 5 in Transmutations
 20491 | Lair:2   | Noticed Erica
 20497 | Lair:2   | Killed Erica
 20706 | Lair:2   | Reached skill level 1 in Throwing
 20790 | Lair:2   | Found a basalt altar of Yredelemnul.
 21009 | Lair:2   | Found a sacrificial altar of Ru.
 22051 | Lair:2   | Offered knowledge of Irradiate by Vehumet.
 22174 | D:10     | Learned a level 5 spell: Irradiate
 23535 | Lair:4   | Noticed an eight-headed hydra
 23540 | Lair:4   | Killed an eight-headed hydra
 23540 | Lair:4   | Reached XP level 13. HP: 80/80 MP: 26/27
 23843 | Lair:4   | Found a staircase to the Shoals.
 24156 | Lair:4   | Identified the +1 robe of the Blessed Realm {*Drain rCorr Dex+6} (You found it on level 4 of the Lair of Beasts)
 24346 | Lair:4   | Reached skill level 10 in Spellcasting
 24479 | Lair:3   | Learned a level 2 spell: Blink
 24483 | Lair:3   | Learned a level 3 spell: Mephitic Cloud
 24556 | Lair:4   | Reached skill level 1 in Translocations
 24662 | Lair:4   | Found a hole to the Spider Nest.
 25347 | Lair:5   | Reached skill level 5 in Armour
 25860 | Lair:5   | Learned a level 1 spell: Apportation
 26217 | Lair:6   | Entered Level 6 of the Lair of Beasts
 26226 | Lair:6   | Reached skill level 1 in Shields
 26414 | Lair:6   | Found a staircase to the Slime Pits.
 27207 | D:5      | Got a bronze chain mail
 27218 | D:5      | Identified the cursed +0 chain mail "Omnaf" {MR+ rCorr Int-3} (You found it on level 5 of the Dungeon)
 27429 | Lair:1   | Reached XP level 14. HP: 86/86 MP: 29/29
 28620 | Lair:6   | Reached skill level 10 in Transmutations
 29618 | D:12     | Found a radiant altar of Vehumet.
 29735 | D:12     | Reached skill level 10 in Fire Magic
 29829 | D:12     | Offered knowledge of Lee's Rapid Deconstruction by Vehumet.
 30919 | D:12     | Noticed a frost giant
 30926 | D:12     | Killed a frost giant
 31509 | D:13     | Found Kazihatu's Armour Shoppe.
 31552 | D:13     | Bought the +0 cloak "Dydoraent" {MR+} for 290 gold pieces
 31994 | D:13     | Reached ****** piety under Vehumet
 32171 | D:13     | Offered knowledge of Spellforged Servitor by Vehumet.
 32461 | D:13     | Found a gate to the Vaults.
 32467 | D:13     | Reached skill level 5 in Dodging
 32467 | D:13     | Reached XP level 15. HP: 90/90 MP: 27/31
 34098 | D:15     | Entered Level 15 of the Dungeon
 34419 | D:15     | Identified a scroll of acquirement
 34423 | D:15     | Got a faintly humming hat
 34434 | D:15     | Identified the +0 hat of Chill Winds {Int+3} (You acquired it on level 15 of the Dungeon)
 34531 | D:15     | Offered knowledge of Poisonous Cloud by Vehumet.
 35106 | D:15     | Noticed Kirke
 35111 | D:15     | Killed Kirke
 35250 | D:15     | Found Hehoosi's Gadget Shop.
 35494 | D:15     | Noticed Urug
 35497 | D:15     | Killed Urug
 35646 | D:15     | Found a staircase to the Depths.
 35942 | D:15     | Got an ancient spear
 35943 | D:15     | Identified the +7 spear "Durow" {drain, *Corrode rElec rF- rC+++} (You found it on level 15 of the Dungeon)
 36024 | D:15     | Noticed Louise
 36033 | D:15     | Killed Louise
 36033 | D:15     | Offered knowledge of Iron Shot by Vehumet.
 36033 | D:15     | Reached skill level 5 in Fighting
 36356 | D:15     | Reached XP level 16. HP: 98/98 MP: 33/33
 36623 | Orc:1    | Entered Level 1 of the Orcish Mines
 37341 | Orc:2    | Entered Level 2 of the Orcish Mines
 37555 | Orc:1    | Noticed Snorg
 37559 | Orc:1    | Killed Snorg
 38268 | Orc:2    | Offered knowledge of Lehudib's Crystal Spear by Vehumet.
 38268 | Orc:2    | Offered knowledge of Fire Storm by Vehumet.
 38268 | Orc:2    | Offered knowledge of Glaciate by Vehumet.
 38494 | Orc:2    | Found a roughly hewn altar of Beogh.
 38501 | Orc:2    | Found Ipuopaq's General Store.
 38510 | Orc:2    | Found Ishriaseo's Magic Scroll Shoppe.
 39071 | Orc:2    | Identified the +4 buckler of Hairiness {rPois rF+ Dex-4} (You found it on level 2 of the Orcish Mines)
 39500 | Orc:2    | Found a roughly hewn altar of Beogh.
 39594 | Orc:2    | Found Utolet's Magic Scroll Emporium.
 39611 | Orc:2    | Bought a scroll of immolation for 42 gold pieces
 39904 | Orc:2    | Found Zyfulul's Assorted Antiques.
 39972 | Orc:2    | Bought a scroll labeled ENICOA FITU for 33 gold pieces
 39972 | Orc:2    | Bought a scroll of identify for 66 gold pieces
 40326 | Orc:2    | Found a staircase to the Elven Halls.
 40919 | D:13     | Bought a +2 pair of gloves of dexterity for 365 gold pieces
 41057 | Shoals:1 | Entered Level 1 of the Shoals
 41067 | Shoals:1 | Reached skill level 1 in Air Magic
 41214 | Shoals:1 | Noticed Donald
 41217 | Shoals:1 | Killed Donald
 41944 | Shoals:1 | Reached skill level 5 in Charms
 42712 | Shoals:2 | Reached skill level 5 in Air Magic
 43205 | Shoals:3 | Learned a level 2 spell: Passwall
 43211 | Shoals:3 | Learned a level 5 spell: Lee's Rapid Deconstruction
 43378 | Shoals:3 | Found Zyjoem's Jewellery Emporium.
 43470 | Shoals:3 | Found Curphok's Armour Boutique.
 43809 | Shoals:4 | Entered Level 4 of the Shoals
 43814 | Shoals:4 | Noticed Ilsuiw
 43819 | Shoals:4 | Killed Ilsuiw
 43819 | Shoals:4 | Reached skill level 15 in Conjurations
 43823 | Shoals:4 | Reached XP level 17. HP: 94/108 MP: 24/35
 44481 | Shoals:4 | Noticed a kraken
 44487 | Shoals:4 | Killed a kraken
 44876 | Shoals:4 | Noticed Zorot's ghost (adept NaFi)
 45029 | Shoals:4 | Reached skill level 15 in Fire Magic
 45182 | Shoals:4 | Killed Zorot's ghost
 46310 | Shoals:4 | Got a barnacled rune of Zot
 47118 | Lair:1   | Learned a level 6 spell: Deflect Missiles
 47192 | Spider:1 | Entered Level 1 of the Spider Nest
 47280 | Spider:1 | Found a frozen archway.
 47288 | IceCv    | Entered an ice cave
 47348 | IceCv    | Got a slimy lajatang
 48011 | IceCv    | Noticed an Ice Fiend
 48018 | IceCv    | Killed an Ice Fiend
 48160 | Spider:1 | Got a twisted leather armour
 48781 | Spider:1 | Identified the +1 leather armour of Qeutahaor {rF+ rCorr Int-2 Slay+5} (You found it on level 1 of the Spider Nest)
 48866 | Spider:2 | Noticed Arachne
 49455 | Spider:2 | Reached skill level 10 in Charms
 49620 | Spider:2 | Reached XP level 18. HP: 97/114 MP: 36/36
 49623 | Spider:2 | Killed Arachne
 49623 | Spider:2 | Reached skill level 5 in Throwing
 50624 | Spider:3 | Reached skill level 10 in Air Magic
 51194 | Spider:3 | Reached skill level 5 in Evocations
 52464 | Spider:4 | Entered Level 4 of the Spider Nest
 52922 | Spider:4 | Noticed Nikola
 52937 | Spider:4 | Killed Nikola
 54204 | Spider:4 | Noticed Asterion
 54212 | Spider:4 | Killed Asterion
 54212 | Spider:4 | Reached XP level 19. HP: 93/118 MP: 30/37
 54218 | Spider:4 | Gained mutation: You can translocate small distances at will. [mutagenic glow]
 55217 | Spider:4 | Got a gossamer rune of Zot
 55503 | Elf:1    | Entered Level 1 of the Elven Halls
 55628 | Elf:1    | Found a radiant altar of Vehumet.
 57128 | Elf:2    | Found a magical portal.
 57135 | WizLab   | Entered Wucad Mu's Monastery
 57263 | WizLab   | Gained mutation: Your mind is acute. (Int +2) [potion of beneficial mutation]
 57280 | WizLab   | Reached XP level 20. HP: 125/125 MP: 38/38
 57303 | WizLab   | Learned a level 5 spell: Yara's Violent Unravelling
 57724 | Elf:2    | Noticed Aizul
 57734 | Elf:2    | Killed Aizul
 57929 | Elf:2    | Found a runed gate.
 57929 | Elf:2    | Found a runed gate.
 57929 | Elf:2    | Found a runed gate.
 59107 | Elf:3    | Entered Level 3 of the Elven Halls
 59572 | Elf:3    | Reached skill level 10 in Armour
 59575 | Elf:3    | Reached XP level 21. HP: 129/129 MP: 39/39
 59575 | Elf:3    | Reached skill level 10 in Throwing
 59882 | Elf:3    | Cast into level 3 of the Abyss (halberd of distortion)
 59960 | Abyss:3  | Found a corrupted altar of Lugonu.
 60085 | Abyss:3  | Found a viscous altar of Jiyva.
 60485 | Abyss:3  | Identified the Papyrus of Earthen Lightness
 60502 | Elf:3    | Escaped the Abyss
 60516 | Elf:3    | Learned a level 2 spell: Swiftness
 61000 | Elf:3    | Got a crystal spear {holy}
 61003 | Elf:3    | Identified the +2 spear of the Neverending Lies {holy, MP+9} (You took it off a deep elf annihilator on level 3 of the Elven Halls)
 61288 | Elf:3    | Identified the cursed +0 pair of gloves of Gozag's Approval {Str+7 Slay+3} (You found it on level 3 of the Elven Halls)
 61294 | Elf:3    | Got a glittering zirconium amulet
 61296 | Elf:3    | Identified the amulet of Dakhlang {Inacc MR- Int+4 Dex+6} (You found it on level 3 of the Elven Halls)
 61305 | Elf:3    | Got a crystal dagger
 61306 | Elf:3    | Identified the cursed +3 dagger of a sewer {pierce, rF+ rC+} (You found it on level 3 of the Elven Halls)
 61367 | Elf:3    | Got a steaming chain mail
 61378 | Elf:3    | Identified the cursed +1 chain mail "Weup" {Str+2 Int+2} (You found it on level 3 of the Elven Halls)
 61983 | Orc:2    | Bought a scroll of identify for 24 gold pieces
 61983 | Orc:2    | Bought a scroll of summoning for 114 gold pieces
 61983 | Orc:2    | Bought a scroll of identify for 24 gold pieces
 61983 | Orc:2    | Bought a scroll of fear for 42 gold pieces
 62253 | Vaults:1 | Entered Level 1 of the Vaults
 63909 | Vaults:1 | Reached skill level 15 in Spellcasting
 64303 | Vaults:1 | Reached XP level 22. HP: 135/135 MP: 42/42
 65757 | Vaults:2 | Found Jaojaimoemp's Antique Weapon Shoppe.
 65823 | Vaults:2 | Found Qine's Magic Scroll Boutique.
 65832 | Vaults:2 | Bought a scroll of acquirement for 832 gold pieces
 65832 | Vaults:2 | Bought 2 scrolls of immolation for 112 gold pieces
 65835 | Vaults:2 | Identified the amulet "Niacaa" {RegenMP rC++ Dex-4} (You acquired it on level 2 of the Vaults)
 65846 | Vaults:2 | Found Bixiyt's Food Boutique.
 66883 | Vaults:2 | Found a staircase to the Crypt.
 67351 | Vaults:3 | Noticed Jorgrun
 67357 | Vaults:3 | Killed Jorgrun
 67891 | Vaults:3 | Identified the amulet "Lidwaiq" {Harm *Drain rF+ Int-3 SInv Stlth+} (You found it on level 3 of the Vaults)
 68217 | Vaults:3 | Noticed Mara
 68228 | Vaults:3 | Killed Mara
 69197 | Vaults:3 | Found Becrozin's Gadget Shoppe.
 69258 | Vaults:3 | Learned a level 9 spell: Fire Storm
 69347 | Vaults:2 | Bought a scroll of amnesia for 56 gold pieces
 70070 | Vaults:4 | Reached XP level 23. HP: 140/140 MP: 44/44
 70278 | Vaults:4 | Found Vekar's Distillery.
 70278 | Vaults:4 | Found Atwidghu's Jewellery Shop.
 70318 | Vaults:4 | Found Peda's Jewellery Shop.
 72226 | Vaults:4 | Identified the +2 robe "Midygh" {MR+ Str+3 Dex-2} (You found it on level 4 of the Vaults)
 72445 | Vaults:5 | Entered Level 5 of the Vaults
 73813 | Vaults:5 | Got a crystal great sword
 73840 | Vaults:5 | Got a pitted hand crossbow
 73860 | Vaults:5 | Identified the Grimoire of Arcane Weapons
 73869 | Vaults:5 | Learned a level 7 spell: Delayed Fireball
 73888 | Vaults:5 | Got a citrine-encrusted ring mail
 73898 | Vaults:5 | Identified the Grimoire of Ignition and the Escort
 73902 | Vaults:5 | Learned a level 1 spell: Summon Butterflies
 73961 | Vaults:5 | Got a twisted long sword
 73962 | Vaults:5 | Identified the +1 long sword of the Gloaming {freeze, rC+} (You found it on level 5 of the Vaults)
 73975 | Vaults:5 | Got a wavering bone ring
 73977 | Vaults:5 | Identified the ring of Fuopnur {+Fly rElec rPois Str-5 Dex+9} (You found it on level 5 of the Vaults)
 74051 | Vaults:5 | Identified the +1 ring mail of New Discoveries {rElec rPois Int-3 Dex-5} (You found it on level 5 of the Vaults)
 74429 | Vaults:5 | Reached XP level 24. HP: 146/146 MP: 20/44
 74978 | Vaults:4 | Learned a level 5 spell: Bolt of Magma
 75081 | Vaults:2 | Bought a scroll of identify for 32 gold pieces
 75523 | Orc:2    | Bought a scroll of identify for 28 gold pieces
 75523 | Orc:2    | Bought a scroll of identify for 28 gold pieces
 75523 | Orc:2    | Bought a scroll of identify for 28 gold pieces
 75523 | Orc:2    | Bought a scroll of blinking for 105 gold pieces
 75523 | Orc:2    | Bought a scroll of identify for 28 gold pieces
 75523 | Orc:2    | Bought a scroll of identify for 28 gold pieces
 75968 | Vaults:5 | Got a bloodstained scimitar
 75970 | Vaults:5 | Identified the +4 scimitar of Fimbulwinter {elec, rElec Int+4} (You took it off a yaktaur captain on level 5 of the Vaults)
 76013 | Vaults:5 | Got an ichor-stained leather armour
 76014 | Vaults:5 | Identified the +1 leather armour "Hah Xemau" {rC+ Int+2 Dex-5} (You took it off a deep elf mage on level 5 of the Vaults)
 76219 | Vaults:5 | Got a polished long sword {slice}
 76222 | Vaults:5 | Identified the +5 long sword "Ogreslayer" {slice, +Inv rElec Str-2 Stlth+} (You took it off an ironbrand convoker on level 5 of the Vaults)
 77009 | Vaults:5 | Got a silver rune of Zot
 77571 | Vaults:5 | Identified the Guide on Virous Changing
 78737 | Depths:1 | Entered Level 1 of the Depths
 79624 | Depths:1 | Found a gateway to Hell.
 80107 | Depths:2 | Reached XP level 25. HP: 155/155 MP: 40/44
 80396 | Depths:2 | Identified a +0 rod of inaccuracy (10/10) (You found it on level 2 of the Depths)
 80853 | Depths:2 | Found a gateway to a ziggurat.
 82123 | Depths:3 | Identified the ring "Lenaokats" {Ice Int+7} (You took it off a hell knight on level 3 of the Depths)
 82543 | Depths:3 | Noticed Margery
 82548 | Depths:3 | Killed Margery
 82780 | Depths:3 | Identified the ring of Sif Muna's Castigation {rC+ Int+7} (You took it off a hell knight on level 3 of the Depths)
 82845 | Depths:3 | Reached skill level 10 in Earth Magic
 83135 | Depths:3 | Reached skill level 10 in Fighting
 83698 | Depths:3 | Found a one-way gate to the infinite horrors of the Abyss.
 83710 | Depths:3 | Identified the +3 leather armour "Duoqugi" {+Inv Str+7} (You found it on level 3 of the Depths)
 84239 | Depths:3 | Noticed Saint Roka
 84242 | Depths:3 | Killed Saint Roka
 84387 | Depths:3 | Found Kuathrief's Jewellery Emporium.
 84542 | Depths:3 | Found a one-way gate leading to the halls of Pandemonium.
 85195 | Shoals:3 | Bought the +6 scale mail "Aseggathuo" {rPois rF+ Int+2} for 1071 gold pieces
 85840 | Depths:4 | Reached XP level 26. HP: 165/165 MP: 7/44
 86153 | Depths:4 | Reached skill level 10 in Dodging
 88336 | Depths:4 | Found a snail-covered altar of Cheibriados.
 88929 | Depths:5 | Entered Level 5 of the Depths
 89390 | Depths:5 | Reached skill level 10 in Evocations
 89704 | Depths:5 | Found Povomai's Gadget Emporium.
 89705 | Depths:5 | Found Zotown's Jewellery Boutique.
 89706 | Depths:5 | Found Ythenad's Gadget Emporium.
 89752 | Depths:5 | Bought the ring "Rufearpho" {rPois rN+ MR+ Str+4} for 576 gold pieces
 90163 | Shoals:3 | Bought the +4 cloak "Tyuw" {rCorr} for 704 gold pieces
 91260 | Depths:5 | Found a gate to the Realm of Zot.
 91513 | D:15     | Bought a phantom mirror for 390 gold pieces
 91774 | Vaults:4 | Bought an uncursed ring of see invisible for 165 gold pieces
 91904 | Vaults:2 | Bought a scroll of recharging for 152 gold pieces
 91904 | Vaults:2 | Bought a scroll of teleportation for 48 gold pieces
 91904 | Vaults:2 | Bought a scroll of holy word for 120 gold pieces
 91904 | Vaults:2 | Bought a scroll of teleportation for 48 gold pieces
 92056 | Vaults:4 | Bought a potion of resistance for 160 gold pieces
 92056 | Vaults:4 | Bought a potion of mutation for 40 gold pieces
 92056 | Vaults:4 | Bought a potion of cancellation for 128 gold pieces
 92056 | Vaults:4 | Bought a potion of curing for 48 gold pieces
 92056 | Vaults:4 | Bought a potion of haste for 160 gold pieces
 92435 | Orc:2    | Bought 6 curare-tipped needles for 57 gold pieces
 92435 | Orc:2    | Bought a scroll of fear for 56 gold pieces
 92491 | Orc:2    | Bought a scroll of teleportation for 99 gold pieces
 92880 | Zot:1    | Entered Level 1 of the Realm of Zot
 93895 | Zot:1    | Reached XP level 27. HP: 171/171 MP: 36/45
 95074 | Zot:5    | Entered Level 5 of the Realm of Zot
 96482 | Zot:2    | Identified the +0 dagger of the Radish {holy, Str+3} (You found it on level 2 of the Realm of Zot)
 99635 | Zot:4    | Noticed an orb of fire
 99841 | Zot:4    | Learned a level 8 spell: Lehudib's Crystal Spear
100089 | Zot:4    | Gained mutation: You are occasionally teleported next to monsters. [an orb of fire]
100090 | Zot:4    | Killed an orb of fire
100511 | Zot:4    | Noticed an orb of fire
100522 | Zot:4    | Killed an orb of fire
101915 | Zot:4    | Gained mutation: You are robust. (+10% HP) [potion of mutation]
101915 | Zot:4    | Gained mutation: Scrolls take you a little longer to read. [potion of mutation]
101915 | Zot:4    | Lost mutation: Your mind is acute. (Int +2) [potion of mutation]
101916 | Zot:4    | Gained mutation: You have a beak for a mouth. [potion of mutation]
101916 | Zot:4    | Gained mutation: You expend magic power (3 MP) to strengthen your wands. [potion of mutation]
101917 | Zot:4    | Lost mutation: Scrolls take you a little longer to read. [potion of mutation]
101917 | Zot:4    | Gained mutation: You tend to lose your temper in combat. [potion of mutation]
101918 | Zot:4    | Gained mutation: You are partially covered in thin metallic scales. (AC +2) [potion of mutation]
101919 | Zot:4    | Gained mutation: You evolve. [potion of mutation]
101919 | Zot:4    | Gained mutation: You rapidly evolve. [potion of mutation]
102031 | Zot:5    | Noticed an orb of fire
102031 | Zot:5    | Noticed an ancient lich
102031 | Zot:5    | Noticed an orb of fire
102033 | Zot:5    | Noticed an orb of fire
102033 | Zot:5    | Lost mutation: You are robust. (+10% HP) [an orb of fire]
102035 | Zot:5    | Noticed an orb of fire
102036 | Zot:5    | Killed an ancient lich
102038 | Zot:5    | Noticed an orb of fire
102038 | Zot:5    | Gained mutation: You are dopey. (Int -2) [an orb of fire]
102039 | Zot:5    | Gained mutation: Your magical capacity is low. (-10% MP) [an orb of fire]
102179 | Zot:4    | Gained mutation: Potions and wands are less effective at restoring your health. [potion of mutation]
102179 | Zot:4    | Gained mutation: You are resistant to hostile enchantments. (MR+) [potion of mutation]
102179 | Zot:4    | Lost mutation: Potions and wands are less effective at restoring your health. [potion of mutation]
102181 | Zot:4    | Gained mutation: You have a pair of small horns on your head. [potion of mutation]
102661 | Crypt:1  | Entered Level 1 of the Crypt
102879 | Vaults:2 | Lost mutation: You are dopey. (Int -2) [evolution]
104388 | Crypt:2  | Reached skill level 27 in Fire Magic
105497 | Crypt:3  | Entered Level 3 of the Crypt
106580 | Crypt:3  | Noticed an ancient lich
106586 | Crypt:3  | Killed an ancient lich
107061 | Crypt:3  | Noticed an ancient lich
107063 | Crypt:3  | Killed an ancient lich
107573 | Crypt:3  | Found an ancient bone altar of Kikubaaqudgha.
107581 | Crypt:3  | Identified the Reference Book on Feathery Dislocation
108048 | Crypt:3  | Identified the cursed +1 chain mail "Layteic" {Stlth+} (You found it on level 3 of the Crypt)
109079 | Crypt:3  | Identified the Incunabulum of Evil
109552 | Crypt:3  | Identified the ring of Desertification {Str+4 Int-5 Stlth+} (You took it off a vampire on level 3 of the Crypt)
109976 | Crypt:3  | Found a staircase to the Tomb.
110312 | Crypt:3  | Identified the cursed ring of Kesiolih {+Blink rN+ Str-5 Slay+3} (You took it off a vampire mage on level 3 of the Crypt)
112038 | Zot:5    | Noticed an orb of fire
112042 | Zot:5    | Killed an orb of fire
112042 | Zot:5    | Killed an orb of fire
112084 | Zot:5    | Killed an orb of fire
112111 | Zot:5    | Gained mutation: You occasionally shout uncontrollably at your foes. [mutagenic glow]
112300 | Zot:5    | Killed an orb of fire
112960 | Zot:5    | Noticed an orb of fire
112962 | Zot:5    | Killed an orb of fire
113308 | Zot:5    | Noticed an orb of fire
113313 | Zot:5    | Killed an orb of fire
113364 | Zot:5    | Gained mutation: You are weak. (Str -2) [an orb of fire]
113367 | Zot:5    | Noticed an orb of fire
113371 | Zot:5    | Gained mutation: You are frail. (-10% HP) [an orb of fire]
113610 | Zot:5    | Gained mutation: You are sometimes teleported next to monsters. [an orb of fire]
113612 | Zot:4    | Killed an orb of fire
113612 | Zot:4    | Reached skill level 27 in Conjurations
113779 | Zot:5    | Gained mutation: You sometimes yell uncontrollably at your foes. [an orb of fire]
113780 | Zot:5    | Killed an orb of fire
113974 | Zot:5    | Killed an orb of fire
114222 | Zot:5    | Gained mutation: You are partially covered in large bone plates. (SH +4) [evolution]
114693 | Zot:5    | Lost mutation: You are resistant to hostile enchantments. (MR+) [potion of cure mutation]
114693 | Zot:5    | Lost mutation: You are sometimes teleported next to monsters. [potion of cure mutation]
114693 | Zot:5    | Lost mutation: You are weak. (Str -2) [potion of cure mutation]
114693 | Zot:5    | Lost mutation: You are frail. (-10% HP) [potion of cure mutation]
114694 | Zot:5    | Lost mutation: You tend to lose your temper in combat. [potion of cure mutation]
114694 | Zot:5    | Lost mutation: You rapidly evolve. [potion of cure mutation]
114694 | Zot:5    | Lost mutation: You sometimes yell uncontrollably at your foes. [potion of cure mutation]
114694 | Zot:5    | Lost mutation: Your magical capacity is low. (-10% MP) [potion of cure mutation]
114695 | Zot:5    | Lost mutation: You can translocate small distances at will. [potion of cure mutation]
114695 | Zot:5    | Lost mutation: You evolve. [potion of cure mutation]
114695 | Zot:5    | Lost mutation: You expend magic power (3 MP) to strengthen your wands. [potion of cure mutation]
114695 | Zot:5    | Lost mutation: You occasionally shout uncontrollably at your foes. [potion of cure mutation]
114956 | Zot:5    | Got the Orb of Zot
115017 | Zot:2    | Noticed Itru the pandemonium lord
115017 | Zot:2    | Noticed an ancient lich
115410 | D:8      | Reached skill level 15 in Earth Magic
115519 | D:5      | Noticed Isaw the pandemonium lord
115531 | D:5      | Lost mutation: You are partially covered in large bone plates. (SH +4) [mutagenic glow]
115532 | D:5      | Killed Isaw the pandemonium lord
115613 | D:4      | Noticed Weots the pandemonium lord
115618 | D:4      | Noticed Ocriorgho the pandemonium lord
115628 | D:4      | Killed Ocriorgho the pandemonium lord
115802 | D:$      | Escaped with the Orb!

Skill      XL: |  1  2  3  4  5  6  7  8  9 10 11 12 13 14 15 16 17 18 19 20 21 22 23 24 25 26 27 |
---------------+----------------------------------------------------------------------------------+-----
Conjurations   | 2 5 7 10 11 12 13 14 15 16 17 18 20 21 22 23 27 | 27.0
Spellcasting   | 3 5 6 8 9 10 11 12 13 15 16 17 18 | 18.5
Fighting       | 2 3 4 5 7 8 10 | 10.0
Fire Magic     | 4 5 6 7 9 11 13 14 15 16 17 19 21 22 23 24 27 | 27.0
Evocations     | 3 6 7 8 10 14 | 14.0
Charms         | 3 6 10 | 10.0
Necromancy     | 3 |  3.0
Armour         | 1 2 3 5 7 8 10 11 12 | 12.0
Earth Magic    | 4 8 9 10 15 | 15.3
Transmutations | 3 6 9 10 11 12 | 12.0
Dodging        | 4 5 7 8 9 10 14 | 14.0
Throwing       | 3 4 7 8 9 10 | 10.1
Translocations | 4 |  4.0
Shields        | 3 4 |  4.0
Air Magic      | 5 9 10 | 10.0
Stealth        | |  2.1

Action                   |  1- 3 |  4- 6 |  7- 9 | 10-12 | 13-15 | 16-18 | 19-21 | 22-24 | 25-27 || total
-------------------------+-------+-------+-------+-------+-------+-------+-------+-------+-------++-------
Melee: Unarmed           |     5 |       |       |       |       |       |       |       |       ||     5
       Dagger            |       |     5 |    21 |     6 |       |       |       |       |       ||    32
       Rapier            |       |       |    23 |       |       |       |       |       |       ||    23
       Short sword       |       |       |    16 |     1 |    10 |       |       |       |       ||    27
       Staff             |       |       |       |     2 |     6 |     9 |     1 |    13 |    10 ||    41
       Headbutt          |       |       |       |       |       |       |       |       |     2 ||     2
       Peck              |       |       |       |       |       |       |       |       |     1 ||     1
 Fire: Shortbow          |       |     5 |     2 |       |       |       |       |       |       ||     7
       Blowgun           |       |       |       |     1 |       |     2 |     2 |     2 |       ||     7
Throw: Stone             |    11 |    14 |    22 |       |       |       |       |       |       ||    47
       Throwing net      |       |       |       |       |       |     1 |       |       |     2 ||     3
 Cast: Flame Tongue      |    83 |   107 |   253 |   338 |       |       |       |       |       ||   781
       Throw Flame       |       |     8 |    75 |   335 |    27 |       |       |       |       ||   445
       Sticky Flame      |       |       |    12 |    64 |       |       |       |       |       ||    76
       Conjure Flame     |       |       |     4 |     2 |       |       |       |       |       ||     6
       Regeneration      |       |       |     2 |     4 |     4 |     4 |     6 |     2 |    22 ||    44
       Stone Arrow       |       |       |       |    70 |   283 |   173 |   136 |    46 |       ||   708
       Fireball          |       |       |       |    29 |   309 |   787 |   347 |   531 |    12 ||  2015
       Repel Missiles    |       |       |       |     2 |     3 |     1 |       |       |       ||     6
       Irradiate         |       |       |       |     7 |    85 |   109 |    55 |    71 |   137 ||   464
       Blink             |       |       |       |       |       |     2 |     1 |       |     5 ||     8
       Deflect Missiles  |       |       |       |       |       |     1 |     4 |     7 |     8 ||    20
       Lee's Rapid Decon |       |       |       |       |       |       |    43 |    17 |   154 ||   214
       Passwall          |       |       |       |       |       |       |     6 |       |     5 ||    11
       Yara's Violent Un |       |       |       |       |       |       |     9 |    17 |     6 ||    32
       Apportation       |       |       |       |       |       |       |     3 |       |     9 ||    12
       Fire Storm        |       |       |       |       |       |       |       |   109 |   618 ||   727
       Delayed Fireball  |       |       |       |       |       |       |       |     1 |     3 ||     4
       Bolt of Magma     |       |       |       |       |       |       |       |    63 |   352 ||   415
       Lehudib's Crystal |       |       |       |       |       |       |       |       |    57 ||    57
       Summon Butterflie |       |       |       |       |       |       |       |       |     3 ||     3
Evoke: Wand              |       |       |     8 |    18 |    31 |    26 |    21 |     7 |    21 ||   132
       Box of beasts     |       |       |       |       |       |       |       |     3 |     3 ||     6
       Sack of spiders   |       |       |       |       |       |       |       |     3 |     2 ||     5
       Staff of energy   |       |       |       |       |       |       |       |    76 |   520 ||   596
       Lamp of fire      |       |       |       |       |       |       |       |       |     5 ||     5
       Phantom mirror    |       |       |       |       |       |       |       |       |     3 ||     3
       Fan of gales      |       |       |       |       |       |       |       |       |     1 ||     1
  Use: Scroll            |     7 |     1 |     6 |    23 |    14 |    17 |    13 |    15 |    35 ||   131
       Potion            |     3 |       |       |     7 |     1 |     2 |     4 |     2 |    27 ||    46
 Stab: Paralysed         |       |       |    27 |       |       |       |       |       |       ||    27
       Sleeping          |       |       |     1 |       |       |       |       |       |       ||     1
       Petrified         |       |       |       |       |     9 |       |       |       |       ||     9
       Petrifying        |       |       |       |       |     1 |       |       |       |       ||     1
  Eat: Chunk             |     4 |     7 |    16 |    37 |    61 |    32 |     8 |    11 |    12 ||   188
       Bread ration      |       |       |     2 |     1 |       |     9 |     3 |     5 |     7 ||    27
       Pizza             |       |       |     1 |     1 |     1 |     2 |     5 |     2 |     5 ||    17
       Royal jelly       |       |       |       |     3 |    11 |       |     1 |       |     1 ||    16
       Fruit             |       |       |       |       |       |     3 |       |     2 |    16 ||    21
       Meat ration       |       |       |       |       |       |       |       |     2 |    14 ||    16
       Beef jerky        |       |       |       |       |       |       |       |       |     7 ||     7
Armor: Robe              |     7 |    12 |    34 |    15 |       |       |       |       |       ||    68
       Skin              |    12 |       |       |     4 |       |       |       |       |       ||    16
       Leather armour    |       |       |       |    16 |       |       |       |       |       ||    16
       Troll leather arm |       |       |       |    38 |    76 |    95 |    69 |    31 |     9 ||   318
       Scale mail        |       |       |       |       |       |       |       |       |   108 ||   108
Dodge: Dodged            |    23 |    22 |    90 |   173 |   116 |   171 |    86 |   108 |   208 ||   997
       Deflected         |       |       |       |     3 |    11 |    23 |    32 |    55 |    69 ||   193
Block: Buckler           |       |       |       |       |    71 |   130 |    66 |    72 |   122 ||   461
